 Dungeon Crawl Stone Soup version 0.18.1-8-gdd0e5ea (webtiles) character file.

88 Lovchig the Shield-Bearer (level 4, -4/41 HPs)
             Began as a Minotaur Fighter on May 24, 2016.
             Was an Initiate of Gozag.
             Splashed by an oklob plant's acid (9 damage)
             ... on level 2 of the Dungeon.
             The game lasted 00:04:56 (864 turns).

Lovchig the Shield-Bearer (Minotaur Fighter)         Turns: 864, Time: 00:04:56

Health: -4/41      AC:  0    Str: 25    XL:     4   Next: 29%
Magic:  3/3        EV:  8    Int:  5    God:    Gozag
Gold:   111        SH: 10    Dex: 10    Spells: 0 memorised, 3 levels left

rFire  . . .     SeeInvis .     a - +0 long sword
rCold  . . .     Gourm    .     b - +0 scale mail
rNeg   . . .     Faith    .     c - +0 shield
rPois  +         Spirit   .     (helmet restricted)
rElec  .         Dismiss  .     (no cloak)
rCorr  .         Reflect  .     (no gloves)
SustAt .         Harm     .     (no boots)
MR     .....                    (no amulet)
Stlth  ..........               i - +4 ring of strength
                                e - ring of poison resistance

@: corroded, not resistant to hostile enchantments, extremely unstealthy
A: retaliatory headbutt, horns 2
a: Potion Petition, Call Merchant, Bribe Branch, Renounce Religion


You were on level 2 of the Dungeon.
You worshipped Gozag.
Gozag was noncommittal.
You were not hungry.

You visited 1 branch of the dungeon, and saw 2 of its levels.

You collected 138 gold pieces.
You paid 27 gold pieces to Gozag.

Inventory:

Hand Weapons
 a - a +0 long sword (weapon)
Armour
 b - a +0 scale mail (worn)
 c - a +0 shield (worn)
Jewellery
 e - a ring of poison resistance (left hand)
 i - a +4 ring of strength (right hand)
Scrolls
 j - a scroll of magic mapping {unknown}
Potions
 d - 2 potions of might
 h - a potion of curing {unknown}
Comestibles
 f - 2 bread rations
 g - 8 chunks of flesh


   Skills:
 * Level 4.3 Fighting
 * Level 3.0 Long Blades
 * Level 4.4 Armour
 + Level 0.4 Dodging
 * Level 4.6 Shields


You had 3 spell levels left.
You didn't know any spells.

Dungeon Overview and Level Annotations

Branches:
Dungeon (2/15)

Altars:
Fedhas
Gozag

Annotations:
D:2 exclusion: oklob plant


Innate Abilities, Weirdness & Mutations

You reflexively headbutt those who attack you in melee.
You have a pair of horns on your head.


Message History

You hit the oklob plant but do no damage.
You headbutt the oklob plant, but do no damage.
You hit the oklob plant. You headbutt the oklob plant!
The oklob plant is moderately damaged.
You slash the oklob plant!
You headbutt the oklob plant, but do no damage.
The oklob plant is moderately damaged.
The oklob plant spits acid at you. The splash of acid hits you!
The acid corrodes you!
The acid burns!
You hit the oklob plant but do no damage.
You headbutt the oklob plant.
The oklob plant is moderately damaged.
The oklob plant spits acid at you. The splash of acid hits you!
The acid corrodes you!
The acid burns!
The oklob plant spits acid at you. The splash of acid hits you!
* * * LOW HITPOINT WARNING * * *
The acid burns!
You die...
Your body crumbles into a pile of gold. ################ ##PPP#P#PPPP.PPP## #PP.PPPPP#PPP%PPP#

#.PPPPP.#P%%%@PP# ##
#P##PP#P.PPP..%P#
P.##..P......P.PP#.#
PPPPPP≈≈.≈≈...PPPP.#
.P#..≈≈≈P≈≈≈...PPPP#
#P..≈≈≈≈.≈≈≈≈..PPP##
P#P≈≈≈≈≈.≈≈≈≈≈..P#P#
PP.≈≈≈≈...≈≈≈≈.###.#
##P≈≈≈≈._.≈≈≈≈.PP P#


You could see an oklob plant.

Vanquished Creatures
  Natasha (D:2)
  2 adders (D:2)
  An ooze (D:1)
  2 worms (D:2)
  3 giant geckos (D:1)
  4 bats
  A goblin (D:1)
  2 hobgoblins (D:1)
  10 jackals
  4 giant newts
  A kobold (D:1)
  2 rats (D:2)
  2 fungi (D:2)
  A toadstool (D:2)
36 creatures vanquished.

Notes
Turn   | Place    | Note
--------------------------------------------------------------
     0 | D:1      | Lovchig the Minotaur Fighter began the quest for the Orb.
     0 | D:1      | Reached XP level 1. HP: 19/19 MP: 0/0
   151 | D:1      | Reached XP level 2. HP: 16/27 MP: 1/1
   700 | D:2      | Reached XP level 3. HP: 33/33 MP: 2/2
   739 | D:2      | Found an opulent altar of Gozag.
   768 | D:2      | Became a worshipper of Gozag Ym Sagoz the Greedy
   792 | D:2      | Noticed Natasha
   798 | D:2      | Killed Natasha
   798 | D:2      | Reached XP level 4. HP: 38/41 MP: 3/3
   815 | D:2      | Found a blossoming altar of Fedhas.
   840 | D:2      | Noticed an oklob plant
   864 | D:2      | Splashed by an oklob plant's acid

Skill      XL: |  1  2  3 |
---------------+----------+-----
Fighting       | 4 |  4.3
Armour         | 4 |  4.4
Shields        | 4 |  4.6
Long Blades    | 3 |  3.0
Dodging        | |  0.4

Action                   |  1- 3 |  4- 6 || total
-------------------------+-------+-------++-------
Melee: Long sword        |    80 |    18 ||    98
       Headbutt          |    15 |    10 ||    25
Armor: Scale mail        |    47 |       ||    47
Dodge: Dodged            |    35 |       ||    35
Block: Shield            |    61 |     1 ||    62
